 Dungeon Crawl Stone Soup version 0.29.1-12-g30fa7ad0bf (webtiles) character file.

Game seed: 17888732102584539342

4371 nachturnus the Grappler (level 10, -3/85 HPs)
             Began as a Troll Gladiator on Jan 19, 2023.
             Was a Follower of Dithmenos.
             Slain by a hornet (8 damage)
             ... while paralysed by a hornet
             ... on level 8 of the Dungeon.
             The game lasted 00:32:28 (6654 turns).

nachturnus the Grappler (Troll Gladiator)           Turns: 6654, Time: 00:32:29

Health: -3/85      AC:  4    Str: 28    XL:     10   Next: 13%
Magic:  9/9        EV:  1    Int:  4    God:    Dithmenos [*.....]
Gold:   255        SH:  0    Dex: 11    Spells: 9/9 levels left

rFire   . . .      SeeInvis .     - Unarmed
rCold   . . .      Faith    +   h - +0 kite shield
rNeg    . . .      Spirit   .   a - +0 robe
rPois   .          Reflect  .   b - +0 hat
rElec   .          Harm     .   (no cloak)
rCorr   +          Rampage  .   (gloves unavailable)
Will    +....                   (boots unavailable)
Stlth   +.........              m - amulet of faith
HPRegen 1.04/turn               s - ring of resist corrosion
MPRegen 0.11/turn               r - ring of willpower

@: paralysed, lethally poisoned (-3 -> -6), slowed, wreathed by umbra
A: large, unfitting armour, claws 3, regeneration 1, shaggy fur 1, tough skin 1
a: Renounce Religion


You were on level 8 of the Dungeon.
You worshipped Dithmenos.
Dithmenos was aware of your devotion.
You visited 2 branches of the dungeon, and saw 9 of its levels.

You collected 441 gold pieces.
You spent 186 gold pieces at shops.

Inventory:

Hand Weapons
 t - a +0 giant club
Missiles
 c - 6 throwing nets (quivered)
 d - a large rock
Armour
 a - a +0 robe (worn)
 b - a +0 hat (worn)
 h - a +0 kite shield (worn)
Jewellery
 e - a ring of positive energy
 m - an amulet of faith (around neck)
 r - a ring of willpower (right claw)
 s - a ring of resist corrosion (left claw)
Wands
 j - a wand of polymorph (3)
 w - a wand of mindburst (8)
 y - a wand of flame (26)
Scrolls
 g - 2 scrolls of enchant armour
 i - 3 scrolls of teleportation
 p - a scroll of immolation
 q - 2 scrolls of enchant weapon
 u - a scroll of brand weapon
 A - a scroll of magic mapping
 B - a scroll of amnesia
 C - a scroll of fog {unknown}
Potions
 f - a potion of degeneration {unknown}
 k - 2 potions of mutation
 l - a potion of might
 n - 3 potions of curing
 o - a potion of cancellation
 x - 2 potions of magic
 z - a potion of attraction


   Skills:
 - Level 1.5 Fighting
 - Level 1.7 Throwing
 - Level 2.4 Dodging
 + Level 9.7 Shields
 - Level 10.7 Unarmed Combat


You had 9 spell levels left.
You didn't know any spells.
Your spell library contained the following spells:

 Spells                   Type           Power      Damage    Failure   Level
 Beastly Appendage        Tmut           0%         N/A       71%         1
 Magic Dart               Conj           0%         1d3       71%         1
 Searing Ray              Conj           0%         2d4       85%         2
 Wereblood                Tmut           0%         N/A       85%         2
 Gell's Gravitas          Tloc           0%         N/A       97%         3
 Ignite Poison            Fire/Tmut/Pois 0%         N/A       97%         3
 Inner Flame              Hex/Fire       0%         N/A       97%         3
 Mephitic Cloud           Conj/Pois/Air  0%         N/A       97%         3
 Spider Form              Tmut/Pois      0%         N/A       97%         3
 Teleport Other           Tloc           0%         N/A       97%         3
 Animate Dead             Necr           0%         N/A       100%        4
 Cause Fear               Hex            0%         N/A       100%        4
 Fulminant Prism          Conj/Hex       0%         3d6       100%        4
 Borgnjor's Vile Clutch   Necr/Erth      0%         N/A       100%        5
 Freezing Cloud           Conj/Ice/Air   0%         6-21      100%        5
 Death Channel            Necr           0%         N/A       100%        6
 Dispersal                Tloc           0%         N/A       100%        6
 Discord                  Hex            0%         N/A       100%        8


Dungeon Overview and Level Annotations

Branches:
Dungeon (8/15)             Temple (1/1) D:7
   Lair: D:8-11

Altars:
Ashenzari
Cheibriados
Dithmenos
Fedhas
Gozag
Hepliaklqana
Makhleb
Okawaru
Sif Muna
Trog
Vehumet
Xom
Yredelemnul
Zin
The Shining One

Shops:
D:5 ?   D:8 [

Annotations:
D:4 2 transporters


Innate Abilities, Weirdness & Mutations

You are too large for most types of armour.
You have claws for hands.
Your natural rate of healing is unusually fast.
You are covered in fur. (AC +1)
You have tough skin. (AC +1)


Message History

The hornet is almost dead.
You block the hornet's attack. The hornet stings you!
You are poisoned.
You feel as though you will be slow longer.
You closely miss the hornet.
The hornet is almost dead.
You feel very sick. The hornet stings you!
You feel as though you will be slow longer.
You block the hornet's attack.
You are too injured to fight recklessly!
You closely miss the hornet.
The hornet is severely wounded.
You feel sick. The hornet stings you!
* * * LOW HITPOINT WARNING * * *
You feel as though you will be slow longer.
The hornet stings you.
* * * LOW HITPOINT WARNING * * *
You are more poisoned.
You feel as though you will be slow longer.
You scratch the hornet but do no damage.
The hornet is severely wounded.
You feel very sick. The hornet barely misses you.
You block the hornet's attack.
You scratch the hornet.
The hornet is almost dead.
You feel very sick. You block the hornet's attack. The hornet stings you.
* * * LOW HITPOINT WARNING * * *
You are more poisoned.
You suddenly lose the ability to move!
* * * LOW HITPOINT WARNING * * *
You feel very sick. The hornet stings you.
* * * LOW HITPOINT WARNING * * *
You feel as though you will be slow longer.
* * * LOW HITPOINT WARNING * * *
You feel very sick. The hornet stings you!
You die...

....... .......#.#
....... #..#....#
....<..###.......##
...........#......#
.....#...#.##.....###
......#.#..##.......####
.......∩...............#
......#.#..#...........#
.....#.@.#.#...........#
.......y...#............
........####............
.....$... ..............
####..... .............#
#...................#
####### ###........
#........ .........


You could see a hornet.

Vanquished Creatures
  Pikel (D:4)
  2 hornets
  2 dream sheep (D:7)
  A steam dragon (D:7)
  Edmund (D:4)
  2 ice beasts
  3 orc warriors
  An ogre (D:6)
  A phantom (D:5)
  2 centaurs
  A kobold brigand (D:8)
  Blork the orc (D:6)
  6 bullfrogs
  3 scorpions
  9 wights
  A howler monkey (D:5)
  A hound (D:4)
  2 orc priests
  2 jellies (D:7)
  2 iguanas
  Jessica (D:2)
  3 gnoll boudas
  12 orc wizards
  Robin (D:3)
  17 gnolls
  6 adders
  2 shadow imps
  2 white imps
  3 dart slugs
  19 orcs
  3 ball pythons
  5 endoplasms
  5 giant cockroaches
  6 goblins
  10 hobgoblins
  5 jackals
  8 kobolds
  3 bats
  4 frilled lizards
  5 rats
164 creatures vanquished.

Notes
Turn   | Place    | Note
-------+----------+-------------------------------------------
     0 | D:1      | nachturnus the Troll Gladiator began the quest for the Orb.
     0 | D:1      | Reached XP level 1. HP: 19/19 MP: 0/0
    13 | D:1      | Found a faded altar of an unknown god.
   197 | D:1      | Reached XP level 2. HP: 27/27 MP: 1/1
   798 | D:2      | Noticed Jessica
   823 | D:2      | Killed Jessica
   824 | D:2      | Reached skill level 4 in Unarmed Combat
   824 | D:2      | Reached XP level 3. HP: 33/33 MP: 2/2
  1587 | D:3      | Found a glowing silver altar of Zin.
  1613 | D:3      | Noticed Robin
  1622 | D:3      | Killed Robin
  1623 | D:3      | Reached skill level 5 in Unarmed Combat
  1623 | D:3      | Reached XP level 4. HP: 23/41 MP: 3/3
  1859 | D:3      | Found a blossoming altar of Fedhas.
  1965 | D:3      | Found a faded altar of an unknown god.
  1969 | D:3      | Found a hazy altar of Hepliaklqana.
  1996 | D:3      | Found a shimmering altar of Xom.
  2261 | D:4      | Noticed a lemure
  2261 | D:4      | Noticed a lemure
  2262 | D:4      | Noticed a scorpion
  2262 | D:4      | Noticed Pikel
  2394 | D:4      | Noticed a lemure
  2397 | D:4      | Noticed a lemure
  2408 | D:4      | HP: 1/41 [Pikel/+1 whip of flaming (3)]
  2412 | D:4      | Killed Pikel
  2413 | D:4      | Reached skill level 8 in Unarmed Combat
  2413 | D:4      | Reached XP level 5. HP: 6/48 MP: 4/4
  2413 | D:4      | Reached XP level 6. HP: 7/55 MP: 5/5
  2413 | D:4      | Reached XP level 7. HP: 8/62 MP: 6/6
  2570 | D:4      | Found a transporter.
  2728 | D:4      | Noticed a fire bat
  2794 | D:4      | Noticed Edmund
  2804 | D:4      | Killed Edmund
  2805 | D:4      | Reached skill level 9 in Unarmed Combat
  3012 | D:4      | Found an iron altar of Okawaru.
  3083 | D:4      | Found a transporter.
  3214 | D:5      | Entered Level 5 of the Dungeon
  3242 | D:5      | Found Opeo's Magic Scroll Shoppe.
  3246 | D:5      | Found an opulent altar of Gozag.
  3307 | D:5      | Reached XP level 8. HP: 64/70 MP: 7/7
  3325 | D:5      | Bought a scroll of brand weapon for 104 gold pieces
  3325 | D:5      | Bought a scroll of blinking for 82 gold pieces
  3654 | D:5      | Reached skill level 10 in Unarmed Combat
  4137 | D:6      | Reached skill level 1 in Shields
  4395 | D:6      | Found a bloodstained altar of Trog.
  4728 | D:6      | Noticed Blork the orc
  4734 | D:6      | Killed Blork the orc
  4735 | D:6      | Reached skill level 5 in Shields
  4735 | D:6      | Reached XP level 9. HP: 67/76 MP: 8/8
  4876 | D:7      | Paralysed by a hornet for 1 turns
  4880 | D:7      | Paralysed by a hornet for 1 turns
  5276 | D:7      | Found a staircase to the Ecumenical Temple.
  5285 | Temple   | Entered the Ecumenical Temple
  5344 | Temple   | Became a worshipper of Dithmenos the Shadowed
  5490 | D:7      | Found a shimmering blue altar of Sif Muna.
  6233 | D:8      | Reached * piety under Dithmenos
  6311 | D:8      | Reached XP level 10. HP: 78/78 MP: 9/9
  6636 | D:8      | Found Icunt's Armour Emporium.
  6647 | D:8      | Paralysed by a hornet for 1 turns
  6652 | D:8      | Paralysed by a hornet for 3 turns
  6654 | D:8      | Slain by a hornet

Illustrated notes

Levels and vault maps discovered:
D:1:      heliophobic_arrival_enchanted_forest, layout_basic,
          basic_ecumenical_altar, chequers_mini_garden
D:2:      layout_loops_ring, uniq_jessica
D:3:      layout_loops_ring, nicolae_overflow_ecumenical_swirl,
          xom_teletrap_fun, marbit_many_paths, amcnicky_altar_gilded,
          kennysheep_donut, uniq_robin
D:4:      gammafunk_cloud_chamber, layout_loops_ring, okawaru_trees_1,
          uniq_pikel, uniq_edmund
D:5:      layout_cave_pools, nicolae_gozag_seed_capital, serial_shops,
          shop_coins
D:6:      layout_rooms, mainiacjoe_overflow_boulevard, uniq_blork_the_orc
D:7:      layout_loops_ring, mainiacjoe_overflow_paths,
          minmay_temple_entry_tees, dreamdust_gnoll_shepherd
D:8:      layout_basic, serial_shops, nicolae_shop_advertising_works
          [nicolae_subvault_shop_adworks]
Temple:   nicolae_temple_little_seven

Skill      XL: |  1  2  3  4  5  6  7  8  9 |
---------------+----------------------------+-----
Unarmed Combat | 4 5 8 9 10 | 10.7
Shields        | 5 9 |  9.7
Fighting       | |  1.5
Throwing       | |  1.7
Dodging        | |  2.4

Action                   |  1- 3 |  4- 6 |  7- 9 | 10-12 || total
-------------------------+-------+-------+-------+-------++-------
Melee: Unarmed           |    87 |    60 |   287 |    50 ||   484
       Punch             |     1 |       |       |       ||     1
  Use: Potion            |       |     1 |     5 |       ||     6
       Scroll            |       |       |    13 |     1 ||    14
 Stab: Sleeping          |     2 |       |       |       ||     2
Armor: Robe              |    20 |    14 |    48 |     9 ||    91
       Skin              |     3 |       |       |       ||     3
Dodge: Dodged            |    35 |    15 |    98 |    18 ||   166
Block: Kite shield       |    11 |    18 |    89 |    31 ||   149
